Frizzbo, neutral female gnomish Wizard # # # ###*#*#*#* `#* # * `#*##------ #################################### ###*# ...<.| ###-........................-....-.##`#**#*###`....| *## .....%..........................# ###### ##-....| *# #..------|.-.-..............-....#*#* * #.....| ###*##..|[[[)|...(......G...+..-......###* # # #.----- *##``#..|..@.|......|(................## @# ##### ####`###..---|--.G|....|................# #* # ## # ---......... ########-...@.G..G..G.h...(..G..........# *##*#*# # |..........-##*####*#.....G.....|.*.......*..-.......## *# #* # |...........#*##### `|..@f-..|....{...|.........@....####**## # |..........-#####*`##..lG.f........hB....|....*......Y`###`` # * # |...........###* #`##..|---|---....-|--.....*.*......###`##..-.--# |..........-##### ###..|..|...|....|..||......*......##### .....-# ----.--.--..## `*#* *..|((|(](|....|.(|.....#*....-..# ## |....| # *#*# ##..|..|]((|....|)/|....|..|.....-######.....| ##### ##..-|------..{.-----....|........ ##`##.>...| ###### #...............................|##`###.....| ##......-.(...-.............-.....**#* ------ Frizzbo the Thaumaturge Experience level: 7 Strength: 10 Dexterity: 10 Constitution: 15 Intelligence: 20 Wisdom: 17 Charisma: 8 Health: 0(35) Energy: 102(102) Def: 2 Gold: 136 Moves: 6602 Dungeon seed: ax2ArcNggHZJVxHp Game ID: Frizzbo_1467119281 Your Inventory: Coins $ - 136 gold pieces Weapons f - an uncursed +2 aklys (weapon in hand) x - an uncursed +0 elven dagger Armor e - a blessed +0 cloak of magic resistance (being worn) n - an uncursed +0 mummy wrapping I - an uncursed +0 orcish helm (being worn) Y - an uncursed +0 elven leather helm Comestibles r - an uncursed eucalyptus leaf C - an uncursed clove of garlic Scrolls d - a cursed scroll of destroy armor h - a cursed scroll of charging i - an uncursed scroll of stinking cloud s - an uncursed scroll of magic mapping v - an uncursed scroll of gold detection B - an uncursed scroll of identify D - an uncursed scroll of confuse monster G - a blessed scroll of stinking cloud U - an uncursed scroll of create monster Potions j - an uncursed potion of paralysis l - an uncursed potion of see invisible P - a cursed potion of extra healing V - an uncursed potion of object detection Z - a blessed potion of gain energy Rings R - an uncursed ring of see invisible Wands g - an uncursed wand of teleportation (0:4) t - an uncursed wand of sleep (0:4) Tools p - an uncursed skeleton key w - an uncursed pair of lenses (being worn) A - an uncursed tin opener K - an uncursed magic marker (0:19) M - an uncursed mirror Gems F - an uncursed luckstone O - an uncursed fluorite stone T - an uncursed amethyst stone Spells and supernatural/magical abilities: Name Level Category Fail Memory a - force bolt 1 attack 0% 67% k - knock 1 matter 0% 67% m - magic missile 2 attack 0% 93% r - remove curse 3 clerical 75% 92% z - sleep 1 enchantment 0% 74% I - identify 3 divination 75% 97% S - stone to flesh 3 healing 75% 92% W - pray for help -- divine ? -- Your skills at the end: Miscellaneous Skills wands [Basic] Weapon Skills club [Basic] quarterstaff [Basic] crossbow [Basic] Spellcasting Skills attack spells [Skilled] enchantment spells [Basic] Final Attributes: You were devoutly aligned. You were magic-protected. You were telepathic. You had infravision. You were very lucky. You had extra luck. Bad luck did not time out for you. Good luck did not time out for you. You are dead. Vanquished creatures: a giant beetle 2 spotted jellies a dwarf mummy a dingo a water nymph a raven 4 wood nymphs 3 fog clouds 2 yellow lights 2 shriekers a violet fungus a black naga hatchling a gray ooze 2 giant ants a little dog 3 floating eyes a dwarf 2 homunculi 2 kobold lords an iguana 2 hill orcs a rothe a centipede 2 giant bats 4 monkeys 2 orc zombies 2 wererats 3 killer bees 7 coyotes 4 hobbits 4 acid blobs a large kobold 7 geckos 2 hobgoblins 3 giant rats 2 brown molds a yellow mold a green mold a red mold a gnome 3 garter snakes a gnome zombie 13 jackals 3 foxes 2 kobolds a newt a goblin 15 sewer rats 14 grid bugs 3 bats 8 lichens 7 kobold zombies 155 creatures vanquished. Voluntary challenges: You had been an atheist until turn 4743. You used a wielded weapon 110 times, starting on turn 308. You did not apply a unicorn horn. You read items or engraved 29 times, starting on turn 265. You never genocided any monsters. You never polymorphed an object. You never changed form. You used no wishes. You never split a pudding. You never wrote Elbereth's name. You violated your moral code, losing 1 point of alignment, starting on turn 6556. Dungeon overview: The Dungeons of Doom: levels 1 to 3 Level 1 a fountain a long staircase Level 2 some fountains stairs to The Gnomish Mines Level 3 a general store The Gnomish Mines: levels 3 to 6 Level 3 stairs to The Dungeons of Doom Level 4 Level 5 Level 6 <- You were here many shops, a temple to Thoth, a magic chest, some fountains, a sink History has recorded: On T:1 you entered the Dungeons of Doom to retrieve the Amulet of Yendor! On T:661 you advanced to experience level 2. On T:935 you reached level 2 of The Dungeons of Doom. On T:1066 you advanced to experience level 3. On T:1611 you reached level 3 of The Dungeons of Doom. On T:2029 you advanced to experience level 4. On T:2268 you reached level 1 of The Gnomish Mines. On T:2869 you reached level 2 of The Gnomish Mines. On T:2872 you advanced to experience level 5. On T:3778 you reached level 3 of The Gnomish Mines. On T:4103 you reached level 4 of The Gnomish Mines. On T:4301 you advanced to experience level 6. On T:4739 you entered the Minetown temple On T:5170 you opened a magic chest. On T:5173 you opened a magic chest. On T:5318 you advanced to experience level 7. On T:5810 you opened a magic chest. On T:5844 you opened a magic chest. Score breakdown: Gold: 136 ( 13 points) Experience: 7 levels ( 600 points) Exploration: 6 levels ( 150 points) Discoveries: 40 items ( 2000 points) Variety of kills: 52 monsters ( 2000 points) Major goal: reached Minetown ( 500 points) Survival: died (score multiplied by 3) Total score: 15789 Latest messages: You see here 10 rocks. You see here 9 rocks. The magic missile hits the leprechaun! You hesitate for a moment, bothered by your conscience. You kill it! The leprechaun punches you! Your purse feels lighter. You displace Taco. You see here 7 rocks. You hear the chime of a cash register. You see here 10 rocks. You see here 6 rocks. You see here 10 rocks. (2x) Taco misses the dog. You hear some noises. You hit the housecat! The housecat bites! (9x) The newt just misses! You hear a gurgling noise. You hit the newt. The housecat bites! You die... Malazgirt looks at your corpse, shakes his head, and sighs. Final status: Goodbye Frizzbo the Wizard, killed by a housecat... You died in The Gnomish Mines on dungeon level 6 with 15789 points, and 136 pieces of gold, after 6602 moves. You were level 7 with a maximum of 35 hit points when you died.